 Dungeon Crawl Stone Soup version 0.25.1-2-g60ff931df9 (webtiles) character file.

Game seed: 7672456688119451538

365 Peloso the Shield-Bearer (level 6, -12/50 HPs)
             Began as a Demonspawn Fighter on Aug 28, 2020.
             Mangled by an ogre
             ... wielding a +0 giant spiked club
              (16 damage)
             ... on level 4 of the Dungeon.
             The game lasted 00:07:14 (3818 turns).

Peloso the Shield-Bearer (Demonspawn Fighter)       Turns: 3818, Time: 00:07:15

Health: -12/50     AC: 11    Str: 18    XL:     6   Next: 40%
Magic:  6/6        EV:  8    Int:  9    God:
Gold:   162        SH:  9    Dex: 13    Spells: 5/5 levels left

rFire    . . .     SeeInvis .   a - +0 long sword
rCold    . . .     Gourm    .   c - +0 kite shield
rNeg     . . .     Faith    .   b - +0 scale mail
rPois    .         Spirit   .   g - +2 hat
rElec    .         Reflect  .   o - scarf {+Inv}
rCorr    .         Harm     .   (no gloves)
MR       .....                  (no boots)
Stlth    +.........             (no amulet)
HPRegen  0.16/turn              (no ring)
MPRegen  0.10/turn              (no ring)

@: no status effects
A: rugged brown scales 2, nightstalker 1
a: Evoke Invisibility


You were on level 4 of the Dungeon.
You were not hungry.

You visited 1 branch of the dungeon, and saw 4 of its levels.

You collected 162 gold pieces.

Inventory:

Hand Weapons
 a - a +0 long sword (weapon)
Missiles
 j - 14 bolts
Armour
 b - a +0 scale mail (worn)
 c - a +0 kite shield (worn)
 g - a +2 hat (worn)
 o - a scarf of invisibility (worn)
Jewellery
 q - an uncursed ring of poison resistance {unknown}
Wands
 p - a wand of polymorph (10)
 s - a wand of acid (8)
Scrolls
 e - 3 scrolls of amnesia {unknown}
 h - 2 scrolls of blinking {unknown}
 i - 4 scrolls of teleportation {unknown}
 k - 2 scrolls of immolation {unknown}
 l - 7 scrolls of identify {unknown}
 m - a scroll of enchant armour {unknown}
 n - a scroll of magic mapping {unknown}
 r - a scroll of enchant weapon {unknown}
Potions
 d - 2 potions of might
Comestibles
 f - 3 rations


   Skills:
 + Level 3.8 Fighting
 + Level 3.6 Long Blades
 + Level 3.7 Armour
 + Level 1.2 Dodging
 + Level 4.3 Shields


You had 5 spell levels left.
You didn't know any spells.
Your spell library was empty.

Dungeon Overview and Level Annotations

Branches:
Dungeon (4/15)
 Temple: D:4-7

Altars:
Ashenzari
The Shining One

Annotations:
D:3 3 runed translucent doors, Colgate's ghost, amateur GrMo


Innate Abilities, Weirdness & Mutations

You are mostly covered in rugged brown scales. (AC +2, +5% HP)
You are slightly more attuned to the shadows.


Message History

The ogre hits you with a +0 giant spiked club!
You barely miss the ogre.
The ogre is almost dead.
You block the ogre's attack.
You hit the ogre but do no damage.
The ogre is almost dead.
The ogre hits you with a +0 giant spiked club!!
Your shield prevents you from hitting the ogre.
The ogre is almost dead.
You hit the ogre but do no damage.
The ogre is almost dead.
The ogre barely misses you.
You barely miss the ogre.
The ogre is almost dead.
The ogre hits you with a +0 giant spiked club!
* * * LOW HITPOINT WARNING * * *
You completely miss the ogre.
The ogre is almost dead.
The ogre hits you with a +0 giant spiked club!
You die...

##.#.#......########...........#
#.#o#........g.gg.............#
#...#.......########..........#
##..#.........######..........#
#..#####'###g#...g^.)........#
##>.o....# #.#.###...........#
######### #g#.#.#.###'#######
#.#O..#g# #.# ######g#@))#)# #.#
#....g.#.#<#g# #.#
######.####.#.#.#g# #.# #....g.#
###.#.#.###'#### #.####g#
#...#.##.....# ####.####.#
######.##.....# .....##...##
#.g....##.....#
.....##..g.####g#####.'.....#
........._.g.g..# #.#.....#


You could see an ogre (corroded).

Vanquished Creatures
  A scorpion (D:4)
  2 orc priests (D:4)
  An orc wizard (D:4)
  A gnoll shaman (D:3)
  A worker ant (D:4)
  A hound skeleton (D:4)
  3 gnolls (D:4)
  2 adders
  An ooze (D:1)
  4 worms (D:2)
  3 dart slugs
  A leopard gecko (D:1)
  11 orcs
  2 giant cockroaches
  8 goblins
  7 hobgoblins
  10 jackals
  A quokka (D:2)
  7 bats
  A frilled lizard (D:2)
  12 kobolds
  7 rats
87 creatures vanquished.

Notes
Turn   | Place    | Note
-------+----------+-------------------------------------------
     0 | D:1      | Peloso the Demonspawn Fighter began the quest for the Orb.
     0 | D:1      | Reached XP level 1. HP: 18/18 MP: 1/1
   150 | D:1      | Found a shattered altar of Ashenzari.
   280 | D:1      | Gained mutation: You are slightly more attuned to the
                  | shadows. [demonic ancestry]
   280 | D:1      | Reached XP level 2. HP: 24/24 MP: 2/2
   453 | D:1      | Reached skill level 3 in Shields
   680 | D:1      | Reached XP level 3. HP: 19/29 MP: 3/3
  1378 | D:2      | Gained mutation: You are partially covered in rugged brown
                  | scales. (AC +1, +3% HP) [demonic ancestry]
  1378 | D:2      | Reached XP level 4. HP: 22/36 MP: 4/4
  2531 | D:3      | Found a glowing golden altar of the Shining One.
  2630 | D:3      | Found a runed translucent gate.
  2633 | D:3      | Found a runed translucent gate.
  2634 | D:3      | Found a runed translucent gate.
  2636 | D:3      | Noticed Colgate's ghost (amateur GrMo)
  2878 | D:4      | Gained mutation: You are mostly covered in rugged brown
                  | scales. (AC +2, +5% HP) [demonic ancestry]
  2878 | D:4      | Reached XP level 5. HP: 35/43 MP: 5/5
  2895 | D:4      | Reached skill level 4 in Shields
  2954 | D:4      | Found a glowing golden altar of the Shining One.
  3024 | D:4      | Reached skill level 1 in Dodging
  3352 | D:4      | HP: 2/44 [orc priest/nerve-wracking pain (12)]
  3354 | D:4      | Reached XP level 6. HP: 2/50 MP: 6/6
  3428 | D:4      | HP: 1/50 [gnoll shaman/+0 whip (4)]
  3818 | D:4      | Mangled by an ogre

Illustrated notes

Levels and vault maps discovered:
D:1:      matt_arrival_los_fun, layout_loops_ring, ashenzari_altar_1
D:2:      layout_rooms
D:3:      layout_rooms, gammafunk_ghost_necromancy, tso_metal_star
D:4:      layout_basic, amethyst_overflow_temple_binary,
          nicolae_overflow_crystal_walls

Skill      XL: |  1  2  3  4  5 |
---------------+----------------+-----
Armour         | 3 |  3.7
Long Blades    | 2 3 |  3.6
Shields        | 3 4 |  4.3
Dodging        | 1 |  1.2
Fighting       | |  3.8

Action                   |  1- 3 |  4- 6 || total
-------------------------+-------+-------++-------
Melee: Long sword        |   106 |   221 ||   327
Evoke: Wand              |       |     2 ||     2
  Use: Potion            |     2 |     2 ||     4
  Eat: Chunk             |     2 |     8 ||    10
Armor: Scale mail        |    77 |   117 ||   194
Dodge: Dodged            |    41 |    89 ||   130
Block: Kite shield       |   103 |   137 ||   240
       Rpst.: Long sword |    17 |    28 ||    45
